 Dungeon Crawl Stone Soup version 0.22.1-2-g9c5b331383 (webtiles) character file.

322 Marnok the Slasher (level 6, -1/48 HPs)
             Began as a Human Fighter on Dec 28, 2018.
             Killed by nerve-wracking pain
             ... invoked by Jessica
              (3 damage)
             ... on level 3 of the Dungeon.
             The game lasted 00:08:41 (1576 turns).

Marnok the Slasher (Human Fighter)                  Turns: 1576, Time: 00:08:42

Health: -1/48      AC:  7    Str: 16    XL:     6   Next: 76%
Magic:  6/6        EV: 10    Int:  9    God:
Gold:   59         SH:  9    Dex: 14    Spells: 5/5 levels left

rFire    . . .     SeeInvis .   a - +0 long sword
rCold    . . .     Gourm    .   c - +0 shield
rNeg     . . .     Faith    .   e - +1 leather armour (curse)
rPois    .         Spirit   .   l - +0 helmet
rElec    .         Reflect  .   (no cloak)
rCorr    .         Harm     .   (no gloves)
MR       .....                  g - +1 pair of boots
Stlth    +.........             (no amulet)
HPRegen  0.16/turn              (no ring)
MPRegen  0.10/turn              (no ring)

@: no status effects
A: no striking features
a: no special abilities


You were on level 3 of the Dungeon.
You were not hungry.

You visited 1 branch of the dungeon, and saw 3 of its levels.

You collected 59 gold pieces.

Inventory:

Hand Weapons
 a - a +0 long sword (weapon)
Missiles
 h - 7 tomahawks (quivered)
 j - a throwing net
Armour
 b - a +0 scale mail
 c - a +0 shield (worn)
 e - a cursed +1 leather armour (worn)
 g - a +1 pair of boots (worn)
 l - a +0 helmet (worn)
 n - a +0 pair of boots
Jewellery
 d - an uncursed amulet of regeneration {unknown}
 q - an uncursed ring of protection from magic {unknown}
 s - a cursed amulet of inaccuracy {unknown}
Scrolls
 i - a scroll of fear {unknown}
 k - 3 scrolls of identify
 m - a scroll of enchant armour
 p - a scroll of noise {unknown}
 r - 2 scrolls of magic mapping {unknown}
 t - a scroll of blinking {unknown}
Potions
 o - a potion of ambrosia
Comestibles
 f - 6 rations
 u - a chunk of flesh


   Skills:
 + Level 4.0 Fighting
 + Level 4.3 Long Blades
 + Level 3.7 Armour
 + Level 1.8 Dodging
 + Level 0.3 Stealth
 + Level 3.9 Shields


You had 5 spell levels left.
You didn't know any spells.
Your spell library was empty.

Dungeon Overview and Level Annotations

Branches:
Dungeon (3/15)

Altars:

Annotations:
D:3 Jessica


Message History

You barely miss the leopard gecko.
The leopard gecko is moderately wounded.
You block the leopard gecko's attack. x2
You barely miss the leopard gecko.
The leopard gecko is moderately wounded.
The leopard gecko barely misses you.
You slash the leopard gecko!
You kill the leopard gecko!
Jessica grins evilly.
Jessica gestures at you while chanting. Pain shoots through your body!
You hit Jessica.
Jessica is severely wounded.
Jessica casts a spell at you. Pain shoots through your body!
* * * LOW HITPOINT WARNING * * *
You block Jessica's attack.
Jessica points at you and mumbles some strange words.
Pain shoots through your body!
You die...

#...................
#...................
#...8..... .....
##.8_8.... #..8..#..
#.....# ##.
#@##.##....#.#
#รท##.##..###.# ####
##.@...#......###...
##..............##...
#................#...
#................#...
#................#...
#................#...
#................####
#................####
##......)............


You could see Jessica.

Vanquished Creatures
  Grinder (D:3)
  An orc wizard (D:3)
  2 adders
  An ooze (D:2)
  4 worms
  2 leopard geckos
  6 orcs (D:3)
  A ball python (D:1)
  6 bats
  6 giant cockroaches
  4 goblins
  6 hobgoblins
  7 jackals (D:1)
  6 kobolds
  A quokka (D:3)
  5 frilled lizards
  5 rats
64 creatures vanquished.

Notes
Turn   | Place    | Note
-------+----------+-------------------------------------------
     0 | D:1      | Marnok the Human Fighter began the quest for the Orb.
     0 | D:1      | Reached XP level 1. HP: 18/18 MP: 1/1
    61 | D:1      | Reached XP level 2. HP: 24/24 MP: 2/2
   326 | D:1      | Reached XP level 3. HP: 26/29 MP: 3/3
   846 | D:2      | Reached XP level 4. HP: 25/35 MP: 4/4
  1106 | D:3      | Noticed Grinder
  1129 | D:3      | Paralysed by Grinder for 7 turns
  1147 | D:3      | Killed Grinder
  1147 | D:3      | Reached skill level 1 in Dodging
  1147 | D:3      | Reached XP level 5. HP: 6/42 MP: 5/5
  1147 | D:3      | Reached XP level 6. HP: 7/48 MP: 6/6
  1524 | D:3      | Found a faded altar of an unknown god.
  1553 | D:3      | Noticed Jessica
  1575 | D:3      | HP: 2/48 [Jessica/nerve-wracking pain (14)]
  1576 | D:3      | Killed from afar by Jessica

Skill      XL: |  1  2  3  4  5  6 |
---------------+-------------------+-----
Long Blades    | 4 |  4.3
Dodging        | 1 |  1.8
Fighting       | 4 |  4.0
Armour         | |  3.7
Stealth        | |  0.3
Shields        | |  3.9

Action                   |  1- 3 |  4- 6 || total
-------------------------+-------+-------++-------
Melee: Long sword        |    98 |   119 ||   217
  Use: Scroll            |     1 |     1 ||     2
       Potion            |       |     3 ||     3
  Eat: Chunk             |       |     3 ||     3
Armor: Scale mail        |     5 |       ||     5
       Leather armour    |    38 |    42 ||    80
Dodge: Dodged            |    34 |    57 ||    91
Block: Shield            |    53 |    73 ||   126
       Rpst.: Long sword |    11 |    13 ||    24
